[ AOE2 MATCH · #505312219 ]
UnrankedKhmer vs Bohemians
Player's team · WIN
Rival team · LOSS
[ REPLAY ANALYSIS · EXTRACTED FROM THE RECORDED GAME ]
Feudal
8:40
Castle
28:32
Imperial
41:35
| APM avg | 31.9 |
| APM peak | 66 |
| eAPM avg | 19.3 |
| Villagers / military | 146 / 52 |
Focus
⚔️ 34.4% · 🌾 65.6%
Scout Cavalry ×48 · Mangonel ×2 · Trebuchet (Packed) ×2
Feudal
10:34
Castle
17:43
Imperial
—
| APM avg | 20.3 |
| APM peak | 45 |
| eAPM avg | 10.9 |
| Villagers / military | 69 / 11 |
Focus
⚔️ 23.3% · 🌾 76.7%
Spearman ×5 · Mangonel ×3 · Battering Ram ×3
Match map
Initial resources + every placement click. Lines = walls · curves = elevation contours. ◆ gold · ⬟ stone · ● berries · ✦ relic · ◌ wall gap
Your base· ✓ Closed at 28:32 · 12t walls · 4 gate(s)
kvetys1's base· ✓ Closed at 17:43 · 1t walls · 2 gate(s)
Smoothed initial terrain · ◌ = detected wall gap · hover for details
Inputs per minute
— tekinbey - - kvetys1
Build order — tekinbey
First 150 of 377 actions detected
| 0:01 | Queue | Villager (Male) |
| 0:01 | Queue | Villager (Male) |
| 0:02 | Build | House |
| 0:04 | Build | House |
| 0:08 | Queue | Villager (Male) |
| 0:08 | Queue | Villager (Male) |
| 1:30 | Queue | Villager (Male) |
| 2:00 | Queue | Villager (Male) |
| 2:00 | Queue | Villager (Male) |
| 2:10 | Build | Palisade Gate |
| 2:14 | Build | Palisade Gate |
| 2:16 | Build | Palisade Wall |
| 2:16 | Build | Palisade Wall |
| 2:31 | Queue | Villager (Male) |
| 2:31 | Queue | Villager (Male) |
| 2:38 | Build | Palisade Wall |
| 2:39 | Build | Palisade Wall |
| 2:53 | Queue | Villager (Male) |
| 3:07 | Build | House |
| 3:19 | Queue | Villager (Male) |
| 3:21 | Queue | Villager (Male) |
| 3:21 | Queue | Villager (Male) |
| 4:14 | Queue | Villager (Male) |
| 4:36 | Queue | Villager (Male) |
| 5:26 | Queue | Villager (Male) |
| 5:47 | Queue | Villager (Male) |
| 6:30 | Research | Feudal Age |
| 6:30 | Research | Feudal Age |
| 6:56 | Build | Mining Camp |
| 7:01 | Research | Loom |
| 7:56 | Build | House |
| 7:57 | Build | House |
| 8:40 | Age | Feudal Age |
| 8:43 | Build | Watch Tower |
| 8:47 | Build | Palisade Wall |
| 8:49 | Build | House |
| 8:51 | Build | House |
| 8:53 | Build | Palisade Wall |
| 8:56 | Build | Palisade Wall |
| 9:05 | Queue | Villager (Male) |
| 9:05 | Queue | Villager (Male) |
| 9:36 | Queue | Villager (Male) |
| 10:06 | Queue | Villager (Male) |
| 10:34 | Queue | Villager (Male) |
| 10:55 | Queue | Villager (Male) |
| 11:03 | Build | Lumber Camp |
| 11:07 | Build | Mill |
| 11:21 | Build | Palisade Wall |
| 11:22 | Build | Palisade Wall |
| 11:35 | Queue | Villager (Male) |
| 11:57 | Queue | Villager (Male) |
| 12:06 | Build | House |
| 12:08 | Build | House |
| 12:48 | Queue | Villager (Male) |
| 12:49 | Queue | Villager (Male) |
| 13:01 | Queue | Villager (Male) |
| 13:01 | Queue | Villager (Male) |
| 13:15 | Build | Watch Tower |
| 13:20 | Build | Watch Tower |
| 13:20 | Queue | Villager (Male) |
| 13:27 | Research | Horse Collar |
| 13:30 | Research | Double-Bit Axe |
| 14:05 | Queue | Villager (Male) |
| 14:19 | Queue | Villager (Male) |
| 14:22 | Build | Farm |
| 14:22 | Build | Farm |
| 14:22 | Build | Farm |
| 14:22 | Build | Farm |
| 14:23 | Build | Farm |
| 14:23 | Build | Farm |
| 14:23 | Build | Farm |
| 14:41 | Queue | Villager (Male) |
| 15:10 | Queue | Villager (Male) |
| 15:18 | Build | House |
| 15:21 | Build | House |
| 15:22 | Build | House |
| 15:26 | Build | Watch Tower |
| 15:35 | Queue | Villager (Male) |
| 15:38 | Build | Farm |
| 15:41 | Build | Farm |
| 15:42 | Build | Farm |
| 16:21 | Build | Watch Tower |
| 16:23 | Queue | Villager (Male) |
| 16:26 | Build | Stable |
| 16:28 | Queue | Villager (Male) |
| 16:43 | Build | Blacksmith |
| 16:48 | Queue | Villager (Male) |
| 16:52 | Build | Farm |
| 16:58 | Queue | Villager (Male) |
| 17:18 | Build | House |
| 17:21 | Build | Farm |
| 17:22 | Build | Farm |
| 17:23 | Queue | Scout Cavalry |
| 17:33 | Research | Scale Barding Armor |
| 17:34 | Research | Fletching |
| 17:39 | Build | Watch Tower |
| 17:50 | Build | Watch Tower |
| 18:00 | Build | Watch Tower |
| 18:06 | Queue | Scout Cavalry |
| 18:12 | Queue | Villager (Male) |
| 18:29 | Queue | Scout Cavalry |
| 18:30 | Queue | Villager (Male) |
| 18:34 | Build | Farm |
| 18:34 | Build | Farm |
| 18:35 | Build | Farm |
| 18:44 | Build | Farm |
| 18:45 | Build | Farm |
| 18:47 | Build | Farm |
| 18:47 | Build | Farm |
| 18:58 | Build | House |
| 18:58 | Queue | Villager (Male) |
| 19:04 | Research | Forging |
| 19:12 | Queue | Scout Cavalry |
| 19:24 | Queue | Villager (Male) |
| 19:44 | Queue | Scout Cavalry |
| 19:45 | Queue | Villager (Male) |
| 19:51 | Build | Farm |
| 19:52 | Build | Farm |
| 19:53 | Build | Farm |
| 19:55 | Queue | Villager (Male) |
| 19:56 | Queue | Villager (Male) |
| 20:37 | Queue | Scout Cavalry |
| 20:37 | Queue | Scout Cavalry |
| 20:39 | Queue | Villager (Male) |
| 20:49 | Build | Stable |
| 21:01 | Queue | Villager (Male) |
| 21:20 | Build | Farm |
| 21:21 | Build | Farm |
| 21:23 | Build | Farm |
| 21:36 | Research | Wheelbarrow |
| 21:38 | Build | House |
| 21:39 | Build | House |
| 21:45 | Queue | Scout Cavalry |
| 21:46 | Queue | Scout Cavalry |
| 21:53 | Build | Watch Tower |
| 22:19 | Build | Watch Tower |
| 22:21 | Queue | Scout Cavalry |
| 22:22 | Queue | Scout Cavalry |
| 22:24 | Queue | Villager (Male) |
| 22:36 | Build | House |
| 22:36 | Build | House |
| 22:37 | Build | House |
| 22:37 | Build | House |
| 22:38 | Build | House |
| 22:38 | Build | House |
| 22:44 | Build | House |
| 22:45 | Build | House |
| 22:47 | Build | House |
| 22:53 | Build | Watch Tower |
| 22:57 | Queue | Villager (Male) |
Build order — kvetys1
120 actions detected in the replay
| 0:01 | Queue | Villager (Male) |
| 0:01 | Queue | Villager (Male) |
| 0:02 | Queue | Villager (Male) |
| 0:02 | Queue | Villager (Male) |
| 0:04 | Build | House |
| 0:05 | Build | House |
| 1:24 | Build | Lumber Camp |
| 1:31 | Queue | Villager (Male) |
| 1:31 | Queue | Villager (Male) |
| 1:50 | Queue | Villager (Male) |
| 2:34 | Queue | Villager (Male) |
| 2:53 | Queue | Villager (Male) |
| 3:12 | Queue | Villager (Male) |
| 3:44 | Queue | Villager (Male) |
| 3:57 | Queue | Villager (Male) |
| 3:57 | Queue | Villager (Male) |
| 4:01 | Build | House |
| 4:03 | Build | House |
| 4:23 | Build | Mill |
| 4:46 | Queue | Villager (Male) |
| 4:46 | Queue | Villager (Male) |
| 5:17 | Queue | Villager (Male) |
| 5:45 | Queue | Villager (Male) |
| 5:45 | Queue | Villager (Male) |
| 6:09 | Queue | Villager (Male) |
| 6:10 | Queue | Villager (Male) |
| 6:18 | Build | Mill |
| 6:31 | Queue | Villager (Male) |
| 6:37 | Queue | Villager (Male) |
| 6:48 | Queue | Villager (Male) |
| 7:47 | Research | Loom |
| 7:56 | Research | Feudal Age |
| 9:11 | Queue | Villager (Male) |
| 10:02 | Queue | Villager (Male) |
| 10:34 | Age | Feudal Age |
| 10:44 | Build | Blacksmith |
| 10:47 | Build | Market |
| 10:59 | Queue | Villager (Male) |
| 11:21 | Queue | Villager (Male) |
| 11:57 | Queue | Villager (Male) |
| 12:26 | Queue | Villager (Male) |
| 12:44 | Queue | Villager (Male) |
| 13:02 | Queue | Villager (Male) |
| 13:27 | Queue | Villager (Male) |
| 13:59 | Build | Mining Camp |
| 14:34 | Build | House |
| 14:48 | Build | House |
| 14:59 | Build | House |
| 15:03 | Research | Castle Age |
| 15:09 | Build | Stone Wall |
| 15:12 | Build | House |
| 15:22 | Build | House |
| 17:07 | Queue | Villager (Male) |
| 17:35 | Queue | Villager (Male) |
| 17:43 | Age | Castle Age |
| 17:46 | Build | Town Center |
| 17:57 | Build | Siege Workshop |
| 18:36 | Queue | Mangonel |
| 18:44 | Queue | Villager (Male) |
| 18:56 | Build | House |
| 19:09 | Build | Barracks |
| 22:29 | Build | Town Center |
| 22:42 | Queue | Villager (Male) ×2 |
| 23:24 | Queue | Villager (Male) ×2 |
| 24:10 | Queue | Mangonel |
| 24:48 | Queue | Villager (Male) ×2 |
| 25:58 | Queue | Villager (Male) ×2 |
| 27:47 | Research | Fletching |
| 28:24 | Build | Castle |
| 29:13 | Queue | Battering Ram |
| 30:49 | Build | Farm |
| 30:50 | Build | Farm |
| 30:50 | Build | Farm |
| 30:50 | Build | Farm |
| 30:51 | Build | Farm |
| 31:31 | Build | Farm |
| 31:33 | Build | Farm |
| 31:33 | Build | Farm |
| 31:34 | Build | Farm |
| 31:34 | Build | Farm |
| 32:16 | Queue | Villager (Male) |
| 32:22 | Queue | Villager (Male) ×2 |
| 33:10 | Build | Farm |
| 33:11 | Build | Farm |
| 33:11 | Build | Farm |
| 33:11 | Build | Farm |
| 33:20 | Queue | Battering Ram |
| 33:27 | Queue | Villager (Male) ×2 |
| 33:47 | Queue | Spearman |
| 33:47 | Queue | Spearman |
| 33:59 | Research | Double-Bit Axe |
| 34:14 | Queue | Spearman |
| 34:14 | Queue | Spearman |
| 34:31 | Queue | Villager (Male) |
| 34:35 | Queue | Battering Ram |
| 34:49 | Queue | Spearman |
| 34:54 | Queue | Villager (Male) |
| 35:17 | Queue | Villager (Male) ×2 |
| 36:13 | Research | Wheelbarrow |
| 36:32 | Queue | Villager (Male) |
| 36:55 | Queue | Mangonel |
| 37:18 | Queue | Villager (Male) ×3 |
| 37:59 | Queue | Villager (Male) ×4 |
| 38:34 | Build | Castle |
| 38:43 | Build | House |
| 38:47 | Build | House |
| 38:59 | Build | Palisade Wall |
| 39:58 | Research | Hand Cart |
| 39:59 | Queue | Villager (Male) ×2 |
| 40:15 | Build | Farm |
| 40:15 | Build | Farm |
| 40:15 | Build | Farm |
| 40:16 | Build | Farm |
| 40:16 | Build | Farm |
| 40:16 | Build | Farm |
| 40:17 | Build | Farm |
| 40:33 | Queue | Villager (Male) ×3 |
| 40:45 | Build | Town Center |
| 41:25 | Build | Blacksmith |
| 41:33 | Queue | Villager (Male) ×4 |
Match timeline
| 2:16 | tekinbey · wall_segment Palisade Wall x1 |
| 2:16 | tekinbey · wall_segment Palisade Wall x1 |
| 2:38 | tekinbey · wall_segment Palisade Wall x1 |
| 2:39 | tekinbey · wall_segment Palisade Wall x1 |
| 8:40 | tekinbey · age_up feudal |
| 8:47 | tekinbey · wall_segment Palisade Wall x1 |
| 8:53 | tekinbey · wall_segment Palisade Wall x1 |
| 8:56 | tekinbey · wall_segment Palisade Wall x2 |
| 10:34 | kvetys1 · age_up feudal |
| 11:21 | tekinbey · wall_segment Palisade Wall x1 |
| 11:22 | tekinbey · wall_segment Palisade Wall x1 |
| 15:09 | kvetys1 · wall_segment Stone Wall x1 |
| 16:26 | tekinbey · first_building Stable |
| 17:35 | kvetys1 · first_market_buy 100 food |
| 17:43 | kvetys1 · age_up castle |
| 17:57 | kvetys1 · first_building Siege Workshop |
| 19:09 | kvetys1 · first_building Barracks |
| 20:01 | kvetys1 · first_market_sell 100 wood |
| 27:30 | tekinbey · wall_segment Palisade Wall x1 |
| 27:32 | tekinbey · wall_segment Palisade Wall x1 |
| 27:33 | tekinbey · wall_segment Palisade Wall x1 |
| 27:34 | tekinbey · wall_segment Palisade Wall x1 |
| 28:24 | kvetys1 · first_building Castle |
| 28:32 | tekinbey · age_up castle |
| 34:04 | tekinbey · first_building Siege Workshop |
| 37:55 | tekinbey · first_market_sell 500 wood |
| 38:23 | tekinbey · first_building Castle |
| 38:59 | kvetys1 · wall_segment Palisade Wall x1 |
| 41:35 | tekinbey · age_up imperial |
| 41:50 | kvetys1 · resign |
[ AI ANALYSIS · 1 CREDIT ]
What really happened in this match?
Wolo.gg analyzes every decision: build order, eco, micro, common mistakes by bracket. Personalized analysis on WhatsApp or Discord in 30 seconds.
Civ guide
Khmer
Perfil
Jugador #10723084